 Dungeon Crawl Stone Soup version 0.18-a0-1073-g6027df3 (console) character file.

1013 FIQ the Covered (level 8, -9/71 HPs)
             Began as a Minotaur Fighter on Jan 31, 2016.
             Killed from afar by an electric eel (13 damage)
             ... with a bolt of electricity
             ... on level 6 of the Dungeon.
             The game lasted 00:10:45 (6014 turns).

FIQ the Covered (Minotaur Fighter)                  Turns: 6014, Time: 00:10:45

Health: -9/71      AC: 10    Str: 21    XL:     8   Next: 1%
Magic:  7/7        EV:  8    Int:  5    God:
Gold:   590        SH: 10    Dex: 12    Spells: 0 memorised, 7 levels left

rFire  . . .     SeeInvis .     a - +0 war axe
rCold  . . .     Gourm    .     x - +1 ring mail {rPois}
rNeg   . . .     Faith    .     c - +0 shield
rPois  +         Spirit   .     (helmet restricted)
rElec  .         Dismiss  .     (no cloak)
rCorr  .         Reflect  .     g - +0 pair of gloves
SustAt .         Harm     .     w - +0 pair of boots
MR     .....     Clarity  +     l - amulet of mana regeneration
Stlth  +.........               (no ring)
                                (no ring)

@: very slightly contaminated, not resistant to hostile enchantments, very
unstealthy
A: retaliatory headbutt, horns 2, clarity, poison resistance
a: no special abilities


You were on level 6 of the Dungeon.
You were hungry.

You visited 2 branches of the dungeon, and saw 7 of its levels.
You also visited: Ossuary.

You collected 590 gold pieces.

Inventory:

Hand Weapons
 a - a +0 war axe (weapon)
Armour
 c - a +0 shield (worn)
 g - a +0 pair of gloves (worn)
 w - a +0 pair of boots (worn)
 x - a +1 ring mail of poison resistance (worn)
Jewellery
 l - an amulet of mana regeneration (around neck)
 q - an uncursed ring of fire
Scrolls
 e - 4 scrolls of teleportation {unknown}
 i - 5 scrolls of remove curse
 o - a scroll of amnesia {unknown}
 p - a scroll of fog {unknown}
 t - a scroll of blinking {unknown}
 y - a scroll of immolation {unknown}
 A - 3 scrolls of magic mapping {unknown}
 B - a scroll of fear {unknown}
 C - a scroll of identify
Potions
 b - 3 potions of berserk rage
 d - a potion of might
 j - 2 potions of curing
 k - 4 potions of lignification
 m - 2 potions of magic
 n - a potion of haste
 s - 2 potions of agility
 u - 2 potions of cancellation
 v - 2 potions of mutation
 D - a potion of cure mutation {unknown}
Books
 h - a book of Beasts

   Spells                             Type                      Level
   a - Summon Butterflies             Summoning                    1
   b - Call Canine Familiar           Summoning                    3
   c - Summon Ice Beast               Ice/Summoning                4
   d - Summon Mana Viper              Hexes/Summoning              5
   e - Summon Hydra                   Summoning                    7
Comestibles
 f - 3 bread rations
 z - 2 beef jerkies
 E - 2 chunks of flesh


   Skills:
 + Level 6.8 Fighting
 + Level 5.6 Axes
 + Level 6.9 Armour
 + Level 6.4 Shields


You had 7 spell levels left.
You didn't know any spells.

Dungeon Overview and Level Annotations

Branches:
Dungeon (6/15)             Temple (1/1) D:4

Altars:
Cheibriados
Dithmenos
Elyvilon
Fedhas
Gozag
Kikubaaqudgha
Makhleb
Nemelex Xobeh
Pakellas
Qazlal
Ru
Trog
Vehumet
Xom
Yredelemnul
Zin
The Shining One

Shops:
D:4 *   D:5 *


Innate Abilities, Weirdness & Mutations

You reflexively headbutt those who attack you in melee.
You have a pair of horns on your head.
You possess an exceptional clarity of mind.
Your system is resistant to poisons.


Message History

The bolt of electricity hits you!
* * * LOW HITPOINT WARNING * * *
The electric eel shoots out a bolt of lightning at you!
The bolt of electricity hits you!
* * * LOW HITPOINT WARNING * * *
Drink which item? (? for menu, Esc to quit)
You feel much better.
The electric eel shoots out a bolt of lightning at you!
The bolt of electricity hits the plant.
The bolt of electricity hits you!
* * * LOW HITPOINT WARNING * * *
The electric eel shoots out a bolt of lightning at you!
The bolt of electricity hits the plant.
The bolt of electricity hits you!
* * * LOW HITPOINT WARNING * * *
You are feeling hungry.
The electric eel shoots out a bolt of lightning at you!
The bolt of electricity hits the plant.
The bolt of electricity hits you!
* * * LOW HITPOINT WARNING * * *
The electric eel shoots out a bolt of lightning at you!
The bolt of electricity hits you!
You die...

###################. ♣
#..@.........#...... ≈♣P♣
#....8...###........ ≈P≈≈≈♣♣♣♣♣#
#........# #.##.##.. ♣≈
♣≈≈≈♣≈###.#8)..8####.##.##
≈≈≈≈≈♣≈≈≈♣♣.........###...#..#
≈≈≈≈≈≈≈≈≈P♣≈#.#..8.............
≈≈≈≈;≈≈P≈≈;≈≈.####..###....##...
≈≈≈≈≈≈PP≈P≈♣♣.####..####..## ..
≈≈≈≈≈≈≈≈♣≈≈♣≈..............##...
≈≈≈≈≈≈≈≈≈≈♣≈....................
≈≈≈♣≈≈≈≈≈♣≈#######..####.##..##.


You could see an electric eel.

Vanquished Creatures
  Duvessa (D:4)
  A sky beast (D:5)
  An ogre (D:5)
  Dowan (D:4)
  An electric eel (D:6)
  A crimson imp (D:5)
  5 orc wizards
  3 orc priests
  A giant frog skeleton (D:5)
  3 worker ants
  8 mummies (Ossuary)
  A worker ant zombie (D:6)
  5 adders
  2 adder skeletons (D:5)
  A worm (D:5)
  5 giant geckos
  13 orcs
  2 ball pythons
  2 giant cockroaches
  11 goblins
  9 hobgoblins
  21 jackals
  A quokka (D:2)
  2 bats
  A giant cockroach zombie (D:5)
  2 giant gecko skeletons
  A giant gecko zombie (D:6)
  5 giant newts
  4 hobgoblin zombies (Ossuary)
  6 kobolds
  2 kobold zombies (Ossuary)
  2 orc zombies (Ossuary)
  5 rats
  2 fungi (D:1)
131 creatures vanquished.

Notes
Turn   | Place    | Note
--------------------------------------------------------------
     0 | D:1      | FIQ the Minotaur Fighter began the quest for the Orb.
     0 | D:1      | Reached XP level 1. HP: 19/19 MP: 0/0
   175 | D:1      | Reached XP level 2. HP: 27/27 MP: 1/1
   574 | D:1      | Reached skill level 4 in Fighting
  1659 | D:2      | Reached XP level 3. HP: 33/33 MP: 2/2
  1816 | D:2      | Found a snail-covered altar of Cheibriados.
  1920 | D:2      | Reached XP level 4. HP: 36/41 MP: 3/3
  2570 | D:3      | Reached XP level 5. HP: 47/47 MP: 4/4
  2645 | D:3      | Reached skill level 5 in Fighting
  2652 | D:3      | Reached skill level 5 in Armour
  2840 | D:3      | Reached skill level 5 in Shields
  3328 | D:4      | Found a staircase to the Ecumenical Temple.
  3335 | D:4      | Reached XP level 6. HP: 42/56 MP: 5/5
  3459 | Temple   | Entered the Ecumenical Temple
  3663 | D:4      | Found an oddly glowing altar of Pakellas.
  3774 | D:4      | Noticed Duvessa
  3797 | D:4      | Noticed Dowan
  3802 | D:4      | Killed Duvessa
  3810 | D:4      | Killed Dowan
  4021 | D:4      | Found Feolotelu's General Store.
  4672 | D:5      | Entered Level 5 of the Dungeon
  4689 | D:5      | Reached XP level 7. HP: 54/62 MP: 6/6
  4913 | D:5      | Found Tola Kugg's General Store.
  4999 | D:5      | Gained mutation: Your system is resistant to poisons. [potion of beneficial mutation]
  5004 | D:5      | Reached skill level 6 in Fighting
  5005 | D:5      | Gained mutation: You possess an exceptional clarity of mind. [potion of beneficial mutation]
  5067 | D:5      | Found a glowing silver altar of Zin.
  5251 | D:5      | Reached skill level 5 in Axes
  5397 | D:5      | Found a stormy altar of Qazlal.
  5715 | D:6      | Found a shadowy altar of Dithmenos.
  5756 | D:6      | Found a sand-covered staircase.
  5765 | Ossuary  | Entered an ossuary
  5993 | D:6      | Reached XP level 8. HP: 27/71 MP: 7/7
  6007 | D:6      | HP: 3/71 [electric eel/bolt of electricity (13)]
  6014 | D:6      | Killed from afar by an electric eel

Vault maps used:
D:1:      tarquinn_simple_flora_water_f, minmay_gold_behind_fungi,
          lemuel_old_faithful
D:2:      old_standard_altar, hangedman_decor_riveting,
          kennysheep_cluttered_room, kennysheep_generic_room_8
D:3:      first_bread, serial_park_tiny_1
D:4:      grunt_pakellas_mercury, minmay_temple_entry_butterflies, serial_shops,
          shop, serial_co_window_serial, co_window_paths_a, co_window_paths_b,
          co_window_paths_b, co_window_corner_a, co_window_corner_a,
          co_window_of_opportunity_c, co_window_paths_c, co_window_2corner,
          co_window_paths_d, co_window_4corner_a, uniq_duvessa
D:5:      lemuel_doored_altar, serial_shops, nicolae_shop_trees, basic_altar,
          roderic_roman_lattice
D:6:      nicolae_dithmenos_shadow_blocks, nicolae_overflow_crystal_walls,
          nicolae_ossuary_entry_monument, mumra_transporter_accident,
          serial_bayou_lake_a
Temple:   zaba_magenta_temple_12
Ossuary:  ossuary_tomb_3

Action                   |  1- 3 |  4- 6 |  7- 9 || total
-------------------------+-------+-------+-------++-------
Melee: War axe           |    84 |   124 |   134 ||   342
  Use: Potion            |       |     2 |     7 ||     9
       Scroll            |       |       |     7 ||     7
  Eat: Bread ration      |     1 |     1 |       ||     2
       Chunk             |       |     4 |     2 ||     6
       Beef jerky        |       |     1 |       ||     1
